 Dungeon Crawl Stone Soup version 0.28-a0-476-g0f06bd746f (webtiles) character file.

Game seed: 5329145766040837174

706 siradein the Ducker (level 7, 0/55 HPs)
             Began as a Demonspawn Gladiator on Sept 16, 2021.
             Slain by a scorpion (6 damage)
             ... on level 4 of the Dungeon.
             The game lasted 00:09:55 (6115 turns).

siradein the Ducker (Demonspawn Gladiator)          Turns: 6115, Time: 00:09:56

Health: 0/55       AC: 13    Str: 15    XL:     7   Next: 39%
Magic:  7/7        EV: 12    Int: 10    God:
Gold:   205        SH:  0    Dex: 15    Spells: 6/6 levels left

rFire   . . .      SeeInvis .   h - +0 halberd
rCold   . . .      Faith    .   (shield currently unavailable)
rNeg    . . .      Spirit   .   t - +4 ring mail {Will+}
rPois   .          Reflect  .   c - +0 helmet
rElec   .          Harm     .   (no cloak)
rCorr   .          Rampage  .   (no gloves)
Will    +....                   (no boots)
Stlth   +.........              f - amulet of magic regeneration
HPRegen 0.18/turn               (no ring)
MPRegen 0.35/turn               (no ring)

@: studying Axes
A: yellow scales 2, demonic guardian 1
a: no special abilities


You were on level 4 of the Dungeon.
You visited 1 branch of the dungeon, and saw 5 of its levels.

You collected 205 gold pieces.

Inventory:

Hand Weapons
 h - a +0 halberd (weapon)
Missiles
 d - 2 throwing nets
 r - 5 poisoned darts (quivered)
Armour
 c - a +0 helmet (worn)
 t - a +4 ring mail of willpower (worn)
Jewellery
 f - an amulet of magic regeneration (around neck)
Wands
 p - a wand of flame (21)
Scrolls
 e - 2 scrolls of amnesia {unknown}
 g - a scroll of enchant weapon {unknown}
 j - a scroll of fog {unknown}
 l - a scroll of torment {unknown}
 m - 4 scrolls of identify {unknown}
 n - a scroll of fear {unknown}
 o - a scroll of vulnerability {unknown}
 q - a scroll of teleportation {unknown}
Potions
 a - 2 potions of degeneration {unknown}
 b - 2 potions of curing {unknown}
 i - a potion of cancellation {unknown}
 k - 2 potions of might {unknown}


   Skills:
 + Level 4.4 Fighting
 + Level 4.5 Polearms
 + Level 4.0 Throwing
 + Level 4.5 Dodging


You had 6 spell levels left.
You didn't know any spells.
Your spell library contained the following spells:

 Spells                   Type           Power      Damage    Failure   Level
 Animate Skeleton         Necr           0%         N/A       58%         1
 Pain                     Necr           0%         1d4       58%         1
 Vampiric Draining        Necr           0%         2d6       92%         3


Dungeon Overview and Level Annotations

Branches:
Dungeon (5/15)
 Temple: D:4-7

Altars:
Cheibriados
Fedhas
Ru
Uskayaw
Vehumet
Wu Jian
Zin


Innate Abilities, Weirdness & Mutations

You are mostly covered in yellow scales. (AC +3)
A weak demonic guardian rushes to your aid.


Message History

* * * LOW HITPOINT WARNING * * *
A demonic guardian appears!
There is a stone staircase leading up here.
The scorpion stings you.
* * * LOW HITPOINT WARNING * * *
You are poisoned.
The scorpion poisons you!
You climb upwards.
Your summoned ally is left behind.
You feel very sick.
There is a stone staircase leading down here.
You feel sick.
You feel sick.
The scorpion stings you but does no damage.
You feel sick. The scorpion barely misses you.
You feel sick.
You feel sick.
You feel sick.
You are no longer poisoned.
Items here: ( )) [.
The scorpion closely misses you.
There is an open door here.
The scorpion stings you but does no damage.
There is an open door here.
The scorpion stings you.
* * * LOW HITPOINT WARNING * * *
A demonic guardian appears!
Your quasit barely misses the scorpion.
Your quasit claws the scorpion but does no damage.
Your quasit barely misses the scorpion.
The scorpion barely misses you.
Your quasit misses the scorpion. x2
Your quasit closely misses the scorpion.
You swap places.
The scorpion misses you.
Your quasit bites the scorpion.
Your quasit claws the scorpion but does no damage. x2
Your quasit barely misses the scorpion.
Your quasit closely misses the scorpion.
Your quasit barely misses the scorpion.
The scorpion stings you but does no damage.
Your quasit bites the scorpion.
Your quasit barely misses the scorpion.
Your quasit claws the scorpion.
The scorpion stings you.
You die...

####.####..#####.....#
#####
.......##..##.......##
####.#.....##.##.####
#.####.###.##.###
####.###.(.........#
..........##.##.##.#
###.##.......##.##.#
### #.##...........5.#
##≈≈
###.##...###'###@s.#
##≈≈≈ ....##...# #.#
#...# #≈≈≈.
######...###.###...#
#≈≈.. ###.###_..'..##
#≈≈..
#####..###.###..#
#≈≈.. #......# #.#
#..# #≈≈..
#.###..###+###..#
#≈≈..
###...............#
#≈≈..
........#.####..#.#
#≈≈..


You could see a scorpion (ally target) and a friendly quasit (summoned).

Vanquished Creatures
  A bullfrog (D:4)
  A bullfrog zombie (D:5)
  A hound (D:4)
  Jessica (D:2)
  An iguana (D:4)
  5 orc wizards
  2 hound skeletons (D:4)
  3 gnolls (D:4)
  7 adders
  A worm (D:4)
  3 dart slugs
  8 orcs
  5 bats
  9 endoplasms
  3 giant cockroaches
  11 goblins
  8 hobgoblins
  5 jackals
  3 quokkas
  9 ball pythons
  10 frilled lizards
  10 kobolds
  8 rats
115 creatures vanquished.

Vanquished Creatures (collateral kills)
  Edmund (D:3)
  An iguana (D:5)
  Ijyb (D:4)
  A gnoll (D:4)
  An orc (D:3)
  A goblin (D:4)
6 creatures vanquished.

Vanquished Creatures (others)
  An orc wizard (D:4)
  13 plants
14 creatures vanquished.

Grand Total: 135 creatures vanquished

Notes
Turn   | Place    | Note
-------+----------+-------------------------------------------
     0 | D:1      | siradein the Demonspawn Gladiator began the quest for the
                  | Orb.
     0 | D:1      | Reached XP level 1. HP: 16/16 MP: 1/1
     0 | D:1      | Noticed a minotaur skeleton
   125 | D:1      | Found a faded altar of an unknown god.
   130 | D:1      | Gained mutation: You are partially covered in yellow
                  | scales. (AC +2) [demonic ancestry]
   130 | D:1      | Reached XP level 2. HP: 22/22 MP: 2/2
   663 | D:1      | Reached XP level 3. HP: 13/28 MP: 3/3
  1427 | D:2      | Noticed Jessica
  1431 | D:2      | Killed Jessica
  1432 | D:2      | Gained mutation: A weak demonic guardian rushes to your
                  | aid. [demonic ancestry]
  1432 | D:2      | Reached XP level 4. HP: 34/34 MP: 4/4
  1983 | D:3      | Found a blossoming altar of Fedhas.
  2264 | D:3      | Reached XP level 5. HP: 26/41 MP: 5/5
  2445 | D:3      | Found a hide-covered altar of Uskayaw.
  2588 | D:4      | Noticed Edmund
  2672 | D:3      | HP: 2/41 [orc (5)]
  3494 | D:3      | Killed Edmund
  3495 | D:3      | Reached XP level 6. HP: 4/47 MP: 6/6
  3874 | D:4      | Found a radiant altar of Vehumet.
  4246 | D:4      | Gained mutation: You are mostly covered in yellow scales.
                  | (AC +3) [demonic ancestry]
  4246 | D:4      | Reached XP level 7. HP: 42/54 MP: 7/7
  4433 | D:4      | Found a snail-covered altar of Cheibriados.
  4511 | D:4      | Found a sacrificial altar of Ru.
  5188 | D:4      | Noticed Ijyb
  5215 | D:4      | Killed Ijyb
  5562 | D:4      | Found an ornate altar of the Wu Jian Council.
  5671 | D:5      | Entered Level 5 of the Dungeon
  6115 | D:4      | Slain by a scorpion

Illustrated notes

Levels and vault maps discovered:
D:1:      shiori_arrival_whats_in_store_for_you, layout_rooms,
          dilly_ecumenical_altar_fadedgnrine, minmay_lizard_king
D:2:      layout_basic, serial_bayou, serial_bayou_ford_a, serial_bayou_pond_c,
          serial_bayou_crossing, serial_bayou_lagoon_a, serial_bayou_pond_d,
          serial_bayou_pond_d, minmay_misc_feat_enclosed, uniq_jessica
D:3:      layout_rooms, mainiacjoe_overflow_surrounded_room,
          nicolae_uskayaw_murder_on_the_dancefloor, fedhas_altar_2
D:4:      kennysheep_goblin_castle, layout_loops_cross, vehumet_altar_wand_db,
          slow_altar_1, lemuel_doored_altar, nicolae_wu_jian_wuxing_cycle,
          kennysheep_decorative_pillar, minmay_manual_mess, uniq_edmund,
          uniq_ijyb
D:5:      layout_loops_ring, hangedman_decor_diamond_cutter, grunt_ministairs_5,
          uniq_eustachio, uniq_pikel, uniq_grinder

Skill      XL: |  1  2  3  4  5  6  7 |
---------------+----------------------+-----
Throwing       | 2 3 4 |  4.0
Polearms       | 3 4 |  4.5
Dodging        | 3 4 |  4.5
Fighting       | 3 4 |  4.4

Action                   |  1- 3 |  4- 6 |  7- 9 || total
-------------------------+-------+-------+-------++-------
Melee: Trident           |   135 |   225 |    10 ||   370
       Halberd           |       |       |   126 ||   126
Throw: Throwing net      |       |     3 |       ||     3
 Stab: Sleeping          |       |       |     1 ||     1
Armor: Leather armour    |    11 |    17 |    32 ||    60
       Ring mail         |    50 |    61 |    34 ||   145
Dodge: Dodged            |    94 |    88 |   103 ||   285

Table legend: (Time is in decaauts)
 A = Elapsed time spent in this place.
 B = Non-inter-level travel time spent in this place.
 C = Inter-level travel time spent in this place.
 D = Time resting spent in this place.
 E = Time spent auto-exploring this place.
 F = Levels seen in this place.
 G = Mean time per level.
                   A        B        C        D        E       F      G
               +--------+--------+--------+--------+--------+-----+--------+
         Total |   6281 |   6160 |    121 |   1067 |   3546 |   5 | 1256.2 |
       Dungeon |   6281 |   6160 |    121 |   1067 |   3546 |   5 | 1256.2 |
               +--------+--------+--------+--------+--------+-----+--------+

Top non-repeatable levels by time:
     D:4: 1797 daAuts
     D:2: 1733 daAuts
     D:3: 1500 daAuts
     D:1: 820 daAuts
     D:5: 430 daAuts
